 Dungeon Crawl Stone Soup version 0.23-a0-586-gacb4b3f (webtiles) character file.

86 theanonym the Cudgeler (level 4, 0/33 HPs)
             Began as a Mummy Warper on Dec 19, 2018.
             Slain by an adder (1 damage)
             ... on level 3 of the Dungeon.
             The game lasted 00:02:03 (2994 turns).

theanonym the Cudgeler (Mummy Warper)               Turns: 2994, Time: 00:02:04

Health: 0/33       AC:  5    Str: 15    XL:     4   Next: 27%
Magic:  8/8        EV: 11    Int: 12    God:
Gold:   82         SH:  0    Dex: 11    Spells: 8/8 levels left

rFire    x . .     SeeInvis .   a - +0 mace
rCold    + . .     Gourm    .   (no shield)
rNeg     + + +     Faith    .   d - +0 ring mail
rPois    ∞         Spirit   .   (no helmet)
rElec    .         Reflect  .   (no cloak)
rCorr    .         Harm     .   (no gloves)
MR       .....                  (no boots)
Stlth    ++........             (no amulet)
HPRegen  0.11/turn              h - ring of stealth
MPRegen  0.11/turn              (no ring)

@: no status effects
A: no food or potions, fire vulnerability, cold resistance 1, negative energy
resistance 3, torment resistance, unbreathing
a: no special abilities


Innate Abilities, Weirdness & Mutations

You do not eat or drink.
Your flesh is vulnerable to fire.
You are immune to poison.
Your flesh is cold resistant. (rC+)
You are immune to negative energy. (rN+++)
You are immune to unholy pain and torment.
You can survive without breathing.


   Skills:
 - Level 2.0 Fighting
 + Level 3.8 Maces & Flails
 - Level 0.7 Throwing
 - Level 0.7 Armour
 - Level 1.5 Dodging
 - Level 2.6 Spellcasting
   Level 2.4 Translocations


You had 8 spell levels left.
You didn't know any spells.
Your spell library contained the following spells:

 Spells                   Type           Power        Failure   Level  Hunger
 Blink                    Tloc           N/A          28%         2    N/A
 Shroud of Golubria       Chrm/Tloc      #.........   43%         2    N/A
 Gell's Gravitas          Tloc           #.........   50%         3    N/A
 Lesser Beckoning         Tloc           #.........   50%         3    N/A
 Teleport Other           Tloc           #.......     50%         3    N/A
 Passage of Golubria      Tloc           N/A          88%         4    N/A

Skill      XL: |  1  2  3 |
---------------+----------+-----
Maces & Flails | 2 3 |  3.8
Fighting       | |  2.0
Throwing       | |  0.7
Armour         | |  0.7
Dodging        | |  1.5
Spellcasting   | |  2.6
Translocations | |  2.4

Action                   |  1- 3 |  4- 6 || total
-------------------------+-------+-------++-------
Melee: Mace              |   178 |    47 ||   225
 Stab: Sleeping          |     4 |     1 ||     5
Armor: Leather armour    |     6 |       ||     6
       Ring mail         |    58 |    26 ||    84
Dodge: Dodged            |   127 |    46 ||   173

Inventory:

Hand Weapons
 a - a +0 mace (weapon)
Missiles
 e - 5 tomahawks of dispersal (quivered)
Armour
 b - a +0 leather armour
 d - a +0 ring mail (worn)
   (You found it on level 1 of the Dungeon)
 j - a +1 pair of gloves
   (You found it on level 2 of the Dungeon)
Jewellery
 h - a ring of stealth (left hand)
   (You found it on level 1 of the Dungeon)
Wands
 i - a wand of random effects (15)
   (You found it on level 2 of the Dungeon)
Scrolls
 c - 2 scrolls of amnesia {unknown}
 f - 3 scrolls of identify {unknown}
 g - a scroll of remove curse {unknown}
 k - a scroll of fog {unknown}
 B - 2 scrolls of blinking


You were on level 3 of the Dungeon.
You were not hungry.

You visited 1 branch of the dungeon, and saw 3 of its levels.

You collected 82 gold pieces.

Dungeon Overview and Level Annotations

Branches:
Dungeon (3/15)

Altars:
Gozag
Xom

#...#########
#..........#
#..........#
######.>........#
##.......#########
...........####
##.####oo........
#S##.###### #@##.#
#.##.# #.##.##
#.....# #..#..#
.####..#..#
#..........#
##########.# #.#


You could see an adder and 2 orcs.

Notes
Turn   | Place    | Note
-------+----------+-------------------------------------------
     0 | D:1      | theanonym the Mummy Warper began the quest for the Orb.
     0 | D:1      | Reached XP level 1. HP: 16/16 MP: 4/4
    16 | D:1      | HP: 8/16 [goblin/+0 club (4)]
    27 | D:1      | HP: 7/16 [giant cockroach (2)]
    31 | D:1      | HP: 3/16 [goblin/+0 club (4)]
   367 | D:1      | Reached skill level 2 in Maces & Flails
   460 | D:1      | Reached XP level 2. HP: 21/22 MP: 5/5
   655 | D:1      | HP: 9/22 [goblin (4)]
  1116 | D:1      | Reached XP level 3. HP: 27/27 MP: 7/7
  1353 | D:1      | Reached skill level 3 in Maces & Flails
  1895 | D:2      | HP: 13/27 [quokka (1)]
  2060 | D:2      | Found an opulent altar of Gozag.
  2266 | D:2      | Found a shimmering altar of Xom.
  2437 | D:2      | Reached XP level 4. HP: 33/33 MP: 8/8
  2979 | D:3      | HP: 16/33 [orc/+0 hand axe (4)]
  2988 | D:3      | HP: 6/33 [adder (3)]
  2993 | D:3      | HP: 4/33 [adder (1)]
  2994 | D:3      | HP: 1/33 [adder (2)]
  2994 | D:3      | Slain by an adder

Vanquished Creatures
  An adder (D:2)
  A gnoll (D:2)
  An ooze (D:1)
  2 worms (D:2)
  A dart slug (D:1)
  A ball python (D:2)
  6 giant cockroaches
  10 goblins
  5 hobgoblins
  3 jackals
  6 kobolds
  2 quokkas (D:2)
  3 bats
  4 frilled lizards
  6 rats
52 creatures vanquished.

Table legend:
 A = Turns spent in this place as a percentage of turns spent in the entire game.
 B = Non-inter-level travel turns spent in this place as a percentage of non-inter-level travel turns spent in the entire game.
 C = Inter-level travel turns spent in this place as a percentage of turns spent in this place.
 D = Turns resting spent in this place as a percentage of non-inter-level travel turns spent in this place.
 E = Turns spent auto-exploring this place as a percentage of non-inter-level travel turns spent in this place.
 F = Non-inter-level travel turns spent in this place divided by the number of levels of this place that you've seen.
                   A       B       C       D       E      F
               +-------+-------+-------+-------+-------+----------------------
         Total | 100.0 | 100.0 |   0.7 |  36.7 |  48.2 | 990.7
       Dungeon | 100.0 | 100.0 |   0.7 |  36.7 |  48.2 | 990.7
               +-------+-------+-------+-------+-------+----------------------
